 Dungeon Crawl Stone Soup version 0.18-a0-824-g47fe746 (webtiles) character file.

2233 patman the Frost Mage (level 9, -2/45 HPs)
             Began as a Deep Elf Ice Elementalist on Dec 17, 2015.
             Was a Follower of Kikubaaqudgha.
             Slain by a wyvern (13 damage)
             ... on level 8 of the Dungeon.
             The game lasted 00:21:02 (8098 turns).

patman the Frost Mage (Deep Elf Ice Elementalist)   Turns: 8098, Time: 00:21:04

Health: -2/45      AC:  7    Str:  7    XL:     9   Next: 14%
Magic:  1/19       EV: 13    Int: 24    God:    Kikubaaqudgha [*.....]
Gold:   254        SH:  0    Dex: 15    Spells: 6 memorised, 4 levels left

rFire  + . .     SeeInvis .     r - +1 dagger (pain)
rCold  . . .     Gourm    .     m - +2 robe {rF+}
rNeg   + . .     Faith    .     (no shield)
rPois  +         Spirit   .     (helmet restricted)
rElec  .         Dismiss  .     D - +2 cloak {rPois}
rCorr  .         Reflect  .     (no gloves)
SustAt .         Harm     .     (no boots)
MR     .....                    (no amulet)
Stlth  ++........               (no ring)
                                p - ring of positive energy

@: not resistant to hostile enchantments, unstealthy
A: horns 1, strong 1
a: Receive Corpses, Renounce Religion


You were on level 8 of the Dungeon.
You worshipped Kikubaaqudgha.
Kikubaaqudgha was aware of your devotion.
You were not hungry.

You visited 1 branch of the dungeon, and saw 8 of its levels.

You collected 254 gold pieces.

Inventory:

Hand Weapons
 r - a +1 dagger of pain (weapon)
Missiles
 h - 175 stones
 v - 4 poisoned javelins (quivered)
Armour
 m - a +2 robe of fire resistance (worn)
 x - a +0 robe of resistance
 D - a +2 cloak of poison resistance (worn)
Jewellery
 p - a ring of positive energy (left hand)
Scrolls
 d - a scroll of blinking {unknown}
 f - 4 scrolls of remove curse
 i - 3 scrolls of recharging
 j - 3 scrolls of amnesia
 k - 2 scrolls of enchant weapon {unknown}
 n - 2 scrolls of random uselessness {unknown}
 s - a scroll of teleportation
 w - a scroll of enchant armour {unknown}
Potions
 e - 3 potions of might
 l - a potion of brilliance
 o - 3 potions of curing
 u - a potion of invisibility
 z - a potion of flight {unknown}
 B - a potion of cure mutation {unknown}
 C - a potion of haste {unknown}
 E - a potion of agility {unknown}
Books
 b - a book of Frost

   Spells                             Type                      Level
   a - Freeze                         Ice                          1
   b - Throw Frost                    Conjuration/Ice              2
   c - Ozocubu's Armour               Charms/Ice                   3
   d - Throw Icicle                   Conjuration/Ice              4
   e - Summon Ice Beast               Ice/Summoning                4
   f - Condensation Shield            Ice                          4
 q - Kikubaaqudgha's Compendium of Evil
   (Kikubaaqudgha gifted it to you on level 7 of the Dungeon)

   Spells                             Type                      Level
   a - Animate Skeleton               Necromancy                   1
   b - Corpse Rot                     Necromancy                   2
   c - Sublimation of Blood           Necromancy                   2
   d - Vampiric Draining              Necromancy                   3
   e - Control Undead                 Necromancy                   4
Comestibles
 a - a slice of pizza
 c - 5 bread rations
 A - a beef jerky


   Skills:
 - Level 2.4 Dodging
 - Level 2.4 Stealth
 - Level 5.8 Spellcasting
 - Level 7.9 Conjurations
 * Level 4.6 Necromancy
 - Level 9.4 Ice Magic


You had 4 spell levels left.
You knew the following spells:

 Your Spells              Type           Power        Failure   Level  Hunger
a - Freeze                Ice            ####         1%          1    None
c - Throw Icicle          Conj/Ice       #####...     2%          4    ###....
f - Throw Frost           Conj/Ice       #####.       1%          2    None
i - Summon Ice Beast      Ice/Summ       ####....     14%         4    ###....
o - Ozocubu's Armour      Chrm/Ice       ####....     3%          3    #......
S - Animate Skeleton      Necr           N/A          1%          1    None


Dungeon Overview and Level Annotations

Branches:
Dungeon (8/15)             Temple (0/1) D:5
   Lair: D:8-11

Altars:
Kikubaaqudgha
Nemelex Xobeh
Xom

Annotations:
D:3 Robin, Sigmund
D:4 JokEr's ghost, amateur OpTm; Menkaure
D:5 exclusion: downstairs


Innate Abilities, Weirdness & Mutations

You have a pair of small horns on your head.
Your muscles are strong. (Str +2)


Message History

You hit the wyvern but do no damage.
The wyvern writhes in agony.
The wyvern is almost dead.
The wyvern barely misses you.
You barely miss the wyvern.
The wyvern is almost dead.
The wyvern barely misses you. The wyvern bites you!!
* * * LOW HITPOINT WARNING * * *
Drink which item? (? for menu, Esc to quit)
You feel much better. The wyvern bites you!
Unknown command.
Throwing (i - inventory. (,) - cycle):
v - 5 poisoned javelins (quivered)
Press: ? - help, Shift-Dir - straight line, f/p - wyvern
Aim: a wyvern (almost dead)
You throw a poisoned javelin.
The poisoned javelin barely misses the wyvern.
The wyvern bites you!
* * * LOW HITPOINT WARNING * * *
The wyvern bites you!
You die...
Kikubaaqudgha rasps: "You have failed me!
Welcome... death!"

######.# #.# #.# #.# #.#
#.# #.# #.# #.# # #.#
##.# #.#####
######..###..###.#...
.<...≈≈.≈≈≈≈≈≈...#.# #
≈≈≈..≈≈≈.≈..≈≈.≈...##.<.
.≈.≈≈≈≈≈≈≈≈≈≈≈≈≈≈≈.≈....
.≈...≈.≈....≈≈..@≈≈≈....
.≈≈≈≈≈≈≈≈....≈.l$≈≈≈≈≈..
..≈≈≈...≈..∩...≈≈≈.≈≈...
.≈............≈≈...≈##.#
.≈≈.≈≈≈≈≈≈≈≈≈≈≈≈≈..≈# #
......≈≈..## ......#.#.#
.###..#.#.#


You could see a wyvern.

Vanquished Creatures
  Prince Ribbit (D:5)
  Eustachio (D:4)
  A black bear (D:8)
  An orc warrior (D:6)
  2 ogres
  A sky beast (D:6)
  A centaur (D:7)
  3 giant frogs
  A scorpion (D:4)
  A vampire bat (D:5)
  4 crimson imps
  6 orc priests
  A jelly (D:5)
  2 iguanas
  4 hounds
  3 centaur skeletons
  Crazy Yiuf (D:6)
  Jessica (D:3)
  Terence (D:3)
  An orc wizard (D:7)
  5 worker ants
  7 adders
  A white imp (D:8)
  2 adder skeletons
  5 worms
  8 giant geckos
  12 orcs
  3 ball pythons
  5 bats
  3 bat skeletons (D:5)
  2 bat zombies (D:5)
  14 hobgoblins
  2 jackals (D:1)
  13 kobolds
  4 quokkas
  6 giant cockroaches
  5 giant newts
  6 goblins
  A quokka zombie (D:5)
  5 rats
146 creatures vanquished.

Vanquished Creatures (collateral kills)
  An ice beast (D:6)
  A killer bee zombie (D:6)
2 creatures vanquished.

Grand Total: 148 creatures vanquished

Notes
Turn   | Place    | Note
--------------------------------------------------------------
     0 | D:1      | patman the Deep Elf Ice Elementalist began the quest for the Orb.
     0 | D:1      | Reached XP level 1. HP: 10/10 MP: 6/6
   540 | D:1      | Reached XP level 2. HP: 15/15 MP: 6/8
   570 | D:1      | Reached skill level 4 in Ice Magic
   804 | D:1      | Learned a level 2 spell: Throw Frost
  1358 | D:2      | Reached XP level 3. HP: 15/19 MP: 6/9
  1755 | D:2      | Reached skill level 5 in Ice Magic
  1776 | D:2      | Learned a level 3 spell: Ozocubu's Armour
  2001 | D:2      | Reached XP level 4. HP: 24/24 MP: 3/11
  2335 | D:2      | Learned a level 4 spell: Throw Icicle
  2450 | D:3      | Noticed Jessica
  2455 | D:3      | Killed Jessica
  2473 | D:3      | Reached skill level 5 in Spellcasting
  2823 | D:3      | Reached XP level 5. HP: 28/28 MP: 12/14
  2936 | D:3      | Noticed Terence
  2939 | D:3      | Killed Terence
  3156 | D:3      | Noticed Sigmund
  3163 | D:3      | Learned a level 4 spell: Summon Ice Beast
  3510 | D:3      | Noticed Robin
  3555 | D:4      | Noticed JokEr's ghost (amateur OpTm)
  3647 | D:4      | Noticed Menkaure
  3655 | D:4      | Found a sparkling altar of Nemelex Xobeh.
  3664 | D:5      | Entered Level 5 of the Dungeon
  3763 | D:4      | Found a shimmering altar of Xom.
  3944 | D:4      | Noticed Eustachio
  3961 | D:4      | Killed Eustachio
  3961 | D:4      | Reached XP level 6. HP: 11/32 MP: 0/16
  3992 | D:4      | Reached skill level 6 in Ice Magic
  4128 | D:4      | Reached XP level 7. HP: 27/36 MP: 13/17
  4747 | D:5      | Reached skill level 7 in Ice Magic
  4952 | D:5      | Found an ancient bone altar of Kikubaaqudgha.
  4957 | D:5      | Reached skill level 5 in Conjurations
  4960 | D:5      | Became a worshipper of Kikubaaqudgha
  5014 | D:5      | Gained mutation: You have a pair of small horns on your head. [potion of beneficial mutation]
  5015 | D:5      | Gained mutation: Your muscles are strong. (Str +2) [potion of beneficial mutation]
  5244 | D:5      | Found a staircase to the Ecumenical Temple.
  5246 | D:5      | Noticed Prince Ribbit
  5258 | D:5      | Killed Prince Ribbit
  5258 | D:5      | Reached XP level 8. HP: 18/41 MP: 0/18
  5455 | D:6      | Reached skill level 8 in Ice Magic
  5855 | D:6      | Got a heavily runed ring mail
  6534 | D:6      | Reached skill level 9 in Ice Magic
  6859 | D:6      | Noticed Crazy Yiuf
  6872 | D:6      | Killed Crazy Yiuf
  7002 | D:7      | Reached * piety under Kikubaaqudgha
  7002 | D:7      | Received a gift from Kikubaaqudgha
  7003 | D:7      | Identified Kikubaaqudgha's Compendium of Evil (Kikubaaqudgha gifted it to you on level 7 of the Dungeon)
  7012 | D:6      | Learned a level 1 spell: Animate Skeleton
  7462 | D:7      | Reached XP level 9. HP: 45/45 MP: 14/19
  7631 | D:7      | Identified the +1 ring mail of Weirdness {Str+7 Int-4} (You found it on level 6 of the Dungeon)
  8098 | D:8      | Slain by a wyvern

Vault maps used:
D:1:      dpeg_arrival_arbitrary_b, serial_forest, infiniplex_forest_side_room,
          infiniplex_forest_clump_cross, infiniplex_forest_fountain,
          infiniplex_forest_zigzag_1, infiniplex_forest_fountain,
          infiniplex_forest_clump_small, infiniplex_forest_clump_cross
D:3:      uniq_sigmund, uniq_terence, uniq_robin, uniq_jessica
D:4:      kennysheep_mini_moat, first_bread, lemuel_statue_altar, uniq_menkaure,
          uniq_eustachio
D:5:      kennysheep_vampire_church, minmay_temple_entry_trees,
          uniq_prince_ribbit1
D:6:      uniq_crazy_yiuf_cottage
D:8:      grunt_temple_overflow_open, serial_ice, serial_ice_j, serial_ice_n,
          serial_ice_h, serial_ice_c

Action                   |  1- 3 |  4- 6 |  7- 9 || total
-------------------------+-------+-------+-------++-------
Melee: Unarmed           |     1 |       |       ||     1
       Dagger            |    12 |    48 |    59 ||   119
Throw: Javelin           |       |     6 |     1 ||     7
 Cast: Freeze            |    60 |    31 |    41 ||   132
       Throw Frost       |     2 |    24 |     1 ||    27
       Throw Icicle      |       |       |    72 ||    72
       Ozocubu's Armour  |       |       |     1 ||     1
       Summon Ice Beast  |       |       |     3 ||     3
  Use: Scroll            |     3 |     1 |     8 ||    12
       Potion            |       |       |     3 ||     3
 Stab: Sleeping          |     3 |     7 |     3 ||    13
  Eat: Chunk             |     3 |     4 |     7 ||    14
       Meat ration       |       |     1 |     3 ||     4
       Beef jerky        |       |       |     1 ||     1
